 Dungeon Crawl Stone Soup version 0.31-a0-210-gccc998df9b (webtiles) character file.

Game seed: 17475512369918493995

100 Firecrotchwizard the Trooper (level 5, -2/40 HPs)
             Began as a Djinni Fire Elementalist on July 1, 2023.
             Shot with a sling bullet by a goblin (6 damage)
             ... on level 3 of the Dungeon.
             The game lasted 00:05:01 (1704 turns).

Firecrotchwizard the Trooper (DjFE)                 Turns: 1704, Time: 00:05:02

Health: -2/40      AC:  4    Str:  7    XL:     5   Next: 3%
Gold:   87         EV: 12    Int: 18    God:
                   SH:  0    Dex: 14

rFire   + + +        d - +0 spear
rCold   . . .        (no shield)
rNeg    . . .        h - +2 robe {rC+}
rPois   ∞            (no helmet)
rElec   .            j - scarf {repulsion}
rCorr   .            (no gloves)
SInv    .            (boots unavailable)
Will    .....        (no amulet)
Stlth   ++           n - ring of protection from fire
HPRegen 0.26/turn    (no ring)
MPRegen 0.00/turn

%: repel missiles, infuse magic (-3 HP)
@: flying
A: sickness immunity, fire resistance 2, cold vulnerability 1, float, innate
caster, HP casting, extra vitality 1
a: no special abilities


You were on level 3 of the Dungeon.
You visited 1 branch of the dungeon, and saw 3 of its levels.

You collected 87 gold pieces.

Inventory:

Hand Weapons
 d - a +0 spear (weapon)
Armour
 a - a +0 robe
 h - a +2 robe of cold resistance (worn)
 j - a scarf of repulsion (worn)
Jewellery
 n - a ring of protection from fire (left hand)
Scrolls
 c - 3 scrolls of fear {unknown}
 e - a scroll of revelation {unknown}
 k - a scroll of identify {unknown}
 l - a scroll of amnesia {unknown}
 m - a scroll of teleportation {unknown}
 p - a scroll of immolation {unknown}
Potions
 b - a potion of haste {unknown}
 f - a potion of might {unknown}
 g - a potion of berserk rage {unknown}
 i - a potion of mutation {unknown}
 o - a potion of brilliance {unknown}
 q - a potion of enlightenment {unknown}


   Skills:
 * Level 3.4 Fighting
 - Level 2.1 Dodging
 - Level 1.5 Stealth
 + Level 3.4 Spellcasting
 + Level 3.4 Conjurations
 + Level 3.4 Hexes
   Level 0.0 Charms
 + Level 3.4 Summonings
 + Level 3.4 Necromancy
 + Level 3.4 Translocations
 + Level 3.4 Transmutations
 + Level 3.4 Fire Magic
 + Level 3.4 Ice Magic
 + Level 3.4 Air Magic
 + Level 3.4 Earth Magic
 + Level 3.4 Poison Magic


You knew the following spells:

 Your Spells              Type           Power      Damage    Failure   Level
a - Foxfire               Conj/Fire      60%        2x1d7     3%          1
b - Scorch                Fire           30%        2d6       6%          2
c - Volatile Blastmotes   Fire/Tloc      30%        2d12      12%         3
d - Inner Flame           Hex/Fire       15%        N/A       12%         3
e - Flame Wave            Conj/Fire      15%        2d7       36%         4
f - Slow                  Hex            60%        N/A       3%          1
g - Momentum Strike       Conj/Tloc      30%        3d8       6%          2
Your spell library was empty.

Dungeon Overview and Level Annotations

Branches:
Dungeon (3/15)

Altars:

Shops:
D:1 *


Innate Abilities, Weirdness & Mutations

You are immune to sickness and miasma.
You are immune to poison.
Your flesh is very heat resistant. (rF++)
You are vulnerable to cold. (rC-)
You float through the air rather than walking.
You learn spells naturally, not from books.
Your magical power is your life essence.
You have superior vitality. (+4 MHP)


Message History

You conjure some foxfire!
You reach to attack!
The helpless adder fails to defend itself.
You hit the adder.
The adder is moderately wounded.
The foxfire hits the adder.
The adder is severely wounded.
The foxfire hits the adder.
You kill the adder!
No target in view!
There is a faded altar of an unknown god here.
n - a ring of protection from fire
n - a ring of protection from fire (left hand)
You now have 87 gold pieces (gained 11).
A bat comes into view.
You reach to attack!
You hit the bat.
The bat is moderately wounded.
The bat hits you but does no damage.
You miss the bat.
The bat is moderately wounded.
The bat closely misses you. The bat hits you but does no damage. x2
You hit the bat.
You kill the bat!
You have reached level 5!
The power to cast Momentum Strike wells up from within.
Spell assigned to 'g'.
Done exploring.
Done exploring.
You need no library to learn spells.
Casting: Foxfire (safe; 3% risk of failure)
Confirm with . or Enter, or press ? or * to list all spells.
Okay, then.
Done exploring.
(D) Dungeon
Where to? (Enter - D:2 @ (x,y), ? - help)
You see here a bat corpse.
There is a stone staircase leading down here.
You fly downwards.
There is a stone staircase leading up here.
There is a stone staircase leading up here.
There is a stone staircase leading up here.
A ball python comes into view.
The ball python hisses angrily.
You reach to attack!
You hit the ball python.
You kill the ball python!
No target in view!
o - a gluggy clear potion
p - a scroll labelled SOMI BA TUJ
q - an inky potion
Found a pair of boots.
An ice beast comes into view.
A goblin and a kobold come into view.
Found a stone staircase leading down.
The kobold shouts!
Casting: Foxfire (safe; 3% risk of failure)
Confirm with . or Enter, or press ? or * to list all spells.
You conjure some foxfire!
The goblin shouts!
You hear a shout!
Casting: Foxfire (safe; 3% risk of failure)
Confirm with . or Enter, or press ? or * to list all spells.
You conjure some foxfire!
The foxfire hits the goblin.
The goblin is moderately wounded.
The foxfire hits the goblin.
You kill the goblin!
A hobgoblin comes into view.
The foxfire hits the ice beast but does no damage.
A goblin comes into view. It is wielding a +0 club.
Casting: Foxfire (safe; 3% risk of failure)
Confirm with . or Enter, or press ? or * to list all spells.
Flames lash the ice beast.
The ice beast melts!
The ice beast is moderately wounded.
The ice beast's fire resistance burns away.
The foxfire hits the kobold.
The kobold is moderately wounded.
An orc comes into view. It is wielding a +0 mace.
The ice beast attacks as you move away! The ice beast completely misses you.
The ice beast is no longer more vulnerable to fire.
The ice beast attacks as you move away! The ice beast closely misses you.
A goblin comes into view. It is wielding a +0 dagger.
Unknown command.
The ice beast closely misses you.
The goblin shouts!
The goblin unwields a +0 dagger.
The goblin wields a +0 sling.
The goblin shoots a sling bullet.
The sling bullet hits you. The ice beast attacks as you move away!
The ice beast hits you. The ice beast freezes you!
* * * LOW HITPOINT WARNING * * *
The goblin shoots a sling bullet.
The sling bullet misses you.
The goblin shoots a sling bullet.
The sling bullet closely misses you.
There is a shaft here.
Unknown command.
The ice beast attacks as you move away! The ice beast hits you.
* * * LOW HITPOINT WARNING * * *
The ice beast freezes you!
* * * LOW HITPOINT WARNING * * *
The ice beast attacks as you move away! The ice beast misses you.
The goblin shoots a sling bullet.
The sling bullet closely misses you.
The kobold falls through a shaft!
The shaft crumbles and collapses.
The goblin shoots a sling bullet.
The sling bullet hits you.
You die...

#.........#
#........##
#........#
####.#.#.#
#.....# #...#.#
#...####
####......#
#.@...###.#
####.###.....#
.###...Y#########
...g.....#
.........#
.........#
.........###
.#######.g.#
########.#


You could see an ice beast and a goblin.

Vanquished Creatures
  Jessica (D:2)
  Terence (D:2)
  An adder (D:2)
  9 bats
  5 endoplasms
  A giant cockroach (D:1)
  5 goblins
  3 hobgoblins
  4 kobolds
  4 ball pythons
  A frilled lizard (D:2)
  3 rats
38 creatures vanquished.

Vanquished Creatures (others)
  78 foxfires
78 creatures vanquished.

Grand Total: 116 creatures vanquished

Notes
Turn   | Place    | Note
-------+----------+-------------------------------------------
     0 | D:1      | Firecrotchwizard the Djinni Fire Elementalist began the
                  | quest for the Orb.
     0 | D:1      | Firecrotchwizard set off with the following spells
                  | memorised: Foxfire, Scorch, Volatile Blastmotes, Inner
                  | Flame, Flame Wave.
     0 | D:1      | Reached XP level 1. HP: 15/15 MP: 0/0
   128 | D:1      | Reached skill level 1 in Fighting
   128 | D:1      | Reached XP level 2. HP: 20/22 MP: 0/0
   487 | D:1      | Reached XP level 3. HP: 27/28 MP: 0/0
   487 | D:1      | Learned a level 1 spell: Slow
   893 | D:1      | Found Micut's Assorted Antiques.
   944 | D:2      | Noticed Jessica
   949 | D:2      | Killed Jessica
   950 | D:2      | Reached XP level 4. HP: 34/34 MP: 0/0
  1024 | D:2      | Noticed Terence
  1059 | D:2      | Killed Terence
  1525 | D:2      | Found a faded altar of an unknown god.
  1596 | D:2      | Reached XP level 5. HP: 40/40 MP: 0/0
  1596 | D:2      | Learned a level 2 spell: Momentum Strike
  1683 | D:3      | Noticed an ice beast
  1704 | D:3      | Shot with a sling bullet by a goblin

Illustrated notes

Levels and vault maps discovered:
D:1:      lightli_arrival_boilingwater, layout_loops_ring, serial_shops, shop,
          hangedman_decor_diamond_cutter
D:2:      layout_loops_ring, ebering_ecumenical_altar_ruins, uniq_terence,
          uniq_jessica
D:3:      layout_basic

Skill      XL: |  1  2  3  4 |
---------------+-------------+-----
Spellcasting   | |  3.4
Conjurations   | |  3.4
Hexes          | |  3.4
Summonings     | |  3.4
Necromancy     | |  3.4
Translocations | |  3.4
Transmutations | |  3.4
Fire Magic     | |  3.4
Ice Magic      | |  3.4
Air Magic      | |  3.4
Earth Magic    | |  3.4
Poison Magic   | |  3.4
Fighting       | 1 2 3 |  3.4
Dodging        | |  2.1
Stealth        | |  1.5

Action                     |  1- 3 |  4- 6 || total
---------------------------+-------+-------++-------
  Melee: Unarmed           |    15 |       ||    15
         Spear             |    13 |    10 ||    23
   Cast: Foxfire           |    25 |    24 ||    49
         Scorch            |       |     2 ||     2
   Stab: Sleeping          |     1 |     1 ||     2
 Armour: Robe              |     6 |     4 ||    10
  Dodge: Dodged            |    23 |    10 ||    33

Table legend: (Time is in decaauts)
 A = Elapsed time spent in this place.
 B = Non-inter-level travel time spent in this place.
 C = Inter-level travel time spent in this place.
 D = Time resting spent in this place.
 E = Time spent auto-exploring this place.
 F = Levels seen in this place.
 G = Mean time per level.
                   A        B        C        D        E       F      G
               +--------+--------+--------+--------+--------+-----+--------+
         Total |   1704 |   1621 |     83 |    102 |   1192 |   3 |  568.0 |
       Dungeon |   1704 |   1621 |     83 |    102 |   1192 |   3 |  568.0 |
               +--------+--------+--------+--------+--------+-----+--------+

Top non-repeatable levels by time:
     D:1: 915 daAuts
     D:2: 703 daAuts
     D:3: 85 daAuts
